 Dungeon Crawl Stone Soup version 0.30.0-21-gd299b56b3f (webtiles) character file.

Game seed: 14560909672419088170

127666 qw the Severer (level 17, 0/108 HPs)
             Began as a Gargoyle Fighter on June 2, 2023.
             Was an Elder of Okawaru.
             Hit by a silver boomerang thrown by a merfolk (2 damage)
             ... led by a merfolk javelineer
             ... on level 3 of the Shoals.
             The game lasted 00:13:44 (26908 turns).

qw the Severer (Gargoyle Fighter)                  Turns: 26908, Time: 00:13:45

Health: 0/108      AC: 48    Str: 28    XL:     17   Next: 1%
Magic:  24/24      EV: 13    Int: 11    God:    Okawaru [****..]
Gold:   459        SH: 15    Dex: 18    Spells: 16/16 levels left

rFire   . . .        s - +5 broad axe (heavy)
rCold   . . .        o - +0 kite shield
rNeg    + . .        F - +3 plate armour {rPois}
rPois   inf          i - +1 hat {SInv}
rElec   +            p - +2 cloak
rCorr   .            e - +2 pair of gloves
SInv    +            q - +1 pair of boots of the Ant {Str+2 Dex+3 Slay+2}
Will    +....        (no amulet) Stlth
                     A - ring "Mivioce" {rElec Dex+6 Slay+3 Stlth+}
HPRegen 0.38/turn    r - +4 ring of protection
MPRegen 0.19/turn

%: no passive effects
@: heroic, flying
A: sickness immunity, AC +12, big wings, negative energy resistance 1,
electricity resistance, torment resistance 1, petrification resistance, antennae
1, screaming 1
a: Renounce Religion, Heroism, Finesse


You were on level 3 of the Shoals.
You worshipped Okawaru.
Okawaru was greatly pleased with you.
You visited 5 branches of the dungeon, and saw 26 of its levels.

You collected 2905 gold pieces.
You spent 2446 gold pieces at shops.


Innate Abilities, Weirdness & Mutations

You are immune to sickness and miasma.
Your stone body is resilient. (AC +12)
You are immune to poison.
Your large and strong wings let you fly.
You resist negative energy. (rN+)
You are resistant to electric shocks. (rElec)
You are resistant to unholy torment.
You are immune to petrification.
You have a pair of small antennae on your head.
You occasionally shout uncontrollably at your foes.


   Skills:
 - Level 13.0(18.0) Fighting
 - Level 18.0(23.0) Axes
 - Level 7.0(12.0) Throwing
 - Level 12.0(17.0) Armour
 + Level 4.8(9.8) Dodging
 - Level 13.2(18.2) Shields
 - Level 10.0 Invocations


You had 16 spell levels left.
You didn't know any spells.
Your spell library was empty.

Inventory:

Hand Weapons
 s - a +5 heavy broad axe (weapon)
 t - the +10 whip "Hykk" {vamp, Str-3 Int+4 Dex+3 SInv}
   (You bought it in a shop on level 2 of the Orcish Mines)

   Str:       It affects your strength (-3).
   Int:       It affects your intelligence (+4).
   Dex:       It affects your dexterity (+3).
   SInv:      It lets you see invisible.
Missiles
 g - 2 silver javelins (quivered)
 y - 24 boomerangs
 z - 5 javelins
 H - 3 silver boomerangs
Armour
 b - the +0 hat "Mifoc" {rF+ Stlth+}
   (You acquired it on level 10 of the Dungeon)

   rF:        It protects you from fire.
   Stlth:     It makes you more stealthy.
 c - +0 acid dragon scales
 e - a +2 pair of gloves (worn)
 i - a +1 hat of see invisible (worn)
 o - a +0 kite shield (worn)
 p - a +2 cloak (worn)
 q - the +1 pair of boots of the Ant (worn) {Str+2 Dex+3 Slay+2}
   (You found it on level 8 of the Dungeon)

   Str:       It affects your strength (+2).
   Dex:       It affects your dexterity (+3).
   Slay:      It affects your accuracy & damage with ranged weapons and melee
   (+2).
 B - a +3 chain mail of cold resistance
 C - the +1 hat of Xeotzam {rElec rC+}
   (Okawaru gifted it to you on level 13 of the Dungeon)

   rC:        It protects you from cold.
   rElec:     It insulates you from electricity.
 F - a +3 plate armour of poison resistance (worn)
 G - +0 ice dragon scales
Jewellery
 r - a +4 ring of protection (right hand)
 u - a ring of ice
 A - the ring "Mivioce" (left hand) {rElec Dex+6 Slay+3 Stlth+}
   (You found it on level 2 of the Shoals)

   [ring of dexterity]

   Dex:       It affects your dexterity (+6).
   Slay:      It affects your accuracy & damage with ranged weapons and melee
   (+3).
   rElec:     It insulates you from electricity.
   Stlth:     It makes you more stealthy.
 E - a ring of protection from fire
 Y - a ring of protection from cold
Wands
 x - a wand of digging (7)
Scrolls
 f - 8 scrolls of identify
Potions
 a - 7 potions of curing
 d - 4 potions of might
 h - 4 potions of haste
 k - 5 potions of mutation
 l - 4 potions of cancellation
 n - 7 potions of attraction
 v - 5 potions of lignification
 D - a potion of resistance

Dungeon Overview and Level Annotations

Branches:
Dungeon (15/15)            Temple (1/1) D:7            Lair (5/5) D:8
 Shoals (3/4) Lair:2       Spider (0/4) Lair:3        Slime (0/5) Lair:4
    Orc (2/2) D:9             Elf (0/3) Orc:2        Vaults (0/5) D:13
 Depths (0/4) D:15

Altars:
Ashenzari
Cheibriados
Dithmenos
Elyvilon
Fedhas
Gozag
Hepliaklqana
Kikubaaqudgha
Makhleb
Nemelex Xobeh
Okawaru
Qazlal
Ru
Sif Muna
Trog
Uskayaw
Vehumet
Wu Jian
Xom
Yredelemnul
Zin
The Shining One
Jiyva

Shops:
D:3 :   D:8 =(*?:   Orc:2 (:[*   Shoals:2 (:[

Annotations:
D:8 2 transporters
Lair:4 3 runed translucent doors, qw's ghost, journeyman GrFi


Message History

The javelin barely misses you.
The javelin pierces through the snapping turtle!
The merfolk throws a silver boomerang.
You block the silver boomerang. The snapping turtle closely misses you.
The alligator snapping turtle closely misses you.
The merfolk throws a silver boomerang.
The silver boomerang hits you but does no damage.
The silver sears you!
You slash the snapping turtle!
The snapping turtle is almost dead.
The merfolk javelineer throws a javelin.
The javelin pierces through you but does no damage.
The javelin pierces through the snapping turtle!!
The snapping turtle dies!
The merfolk throws a silver boomerang.
The silver boomerang hits you but does no damage.
The silver sears you!
The merfolk throws a silver boomerang.
The silver boomerang misses you.
The alligator snapping turtle closely misses you.
The merfolk javelineer throws a javelin.
The javelin pierces through you but does no damage.
The merfolk throws a silver boomerang.
The silver boomerang closely misses you.
You block the merfolk's attack.
You chop the alligator snapping turtle into pieces!!!
The alligator snapping turtle is heavily wounded.
You hear a shout!
The merfolk javelineer throws a javelin.
The javelin pierces through you but does no damage.
The alligator snapping turtle bites you!!
The merfolk throws a silver boomerang.
The silver boomerang hits you but does no damage.
The silver sears you!
The merfolk throws a silver boomerang.
You block the silver boomerang.
The merfolk javelineer throws a javelin.
The javelin pierces through you!
You slash the alligator snapping turtle!
The alligator snapping turtle is heavily wounded.
The merfolk throws a silver boomerang.
The silver boomerang hits you.
You die...

.~.P.~~~~....~~~
.~~PPP~~...~~~!..
...~P~~~~.~......
P.~~~...P.>.....
P.~~P......P..#
~~.~~~m.......#
.P..~~...%....###
~..P~~t@.)~..PP..
..~~~~.)..).PPP..
.~~~~..)m..~...P~
~~~~..~m.~P..P.~~
~~~~~~~....PP....
~~~~~~~~.........
~~~~~~~~..###....
~~~~~.~~..# ...~
~~~~~~~~.. ...


You could see an alligator snapping turtle, a merfolk javelineer and 2 merfolk.

Vanquished Creatures
  Mlioglotl (Shoals:3)
  Rupert (D:14)
  Gastronok (Lair:1)
  Kirke (Shoals:1)
  2 orc warlords
  Azrael (D:12)
  3 merfolk javelineers (Shoals:2)
  An ettin (Orc:1)
  3 merfolk impalers
  Fannar (D:12)
  Josephine (Lair:3)
  3 ice dragons
  Harold (Lair:1)
  4 vault guards (D:13)
  Erolcha (Orc:1)
  6 hydras
  Erica (Lair:2)
  2 merfolk aquamancers (Shoals:1)
  2 merfolk avatars
  An alligator snapping turtle (Shoals:2)
  4 centaur warriors
  A death knight (D:14)
  2 catoblepae (Lair:5)
  A boulder beetle (Lair:4)
  6 two-headed ogres
  An orc high priest (Orc:2)
  2 tengu warriors (D:13)
  5 death yaks (Lair:3)
  2 skysharks
  Sonja (Lair:5)
  Nergalle (Orc:1)
  9 sea snakes
  4 skeletal warriors (D:12)
  3 lindwurms
  A wizard (D:14)
  5 orc knights
  3 deep elf pyromancers
  5 orc sorcerers
  2 fauns
  10 cyclopes
  6 manticores
  6 merfolk sirens
  24 ugly things
  6 elephants (Lair:2)
  4 water nymphs
  3 gargoyles
  A torpor snail (Lair:5)
  6 black mambas
  13 cane toads
  Maggie (Lair:2)
  3 rime drakes
  An unseen horror (D:13)
  2 tengu conjurers (D:13)
  21 merfolk
  A queen bee (Lair:5)
  9 komodo dragons
  3 meliai (Lair:5)
  A wind drake (shapeshifter) (D:13)
  11 trolls
  6 wind drakes
  3 blink frogs (Lair:3)
  22 dream sheep
  17 slime creatures
  5 snapping turtles
  Sigmund (D:5)
  A shadow (D:12)
  6 wraiths
  3 wyverns
  7 water elementals
  3 basilisks
  2 fire elementals (D:12)
  A hog (Shoals:1)
  Grum (D:8)
  63 yaks
  2 humans (Shoals:1)
  A steam dragon (D:10)
  2 redbacks (Lair:3)
  9 vampire mosquitoes
  Edmund (D:5)
  An acid dragon (D:11)
  7 wargs
  7 water moccasins
  2 hell hounds (D:12)
  17 orc warriors
  A sky beast (D:7)
  2 ice beasts (D:6)
  A black bear (Lair:1)
  13 wolves
  3 centaurs
  6 ogres
  5 boggarts (D:15)
  A phantom (D:5)
  4 bullfrogs
  3 scorpions
  5 wights (D:7)
  24 killer bees
  A howler monkey (D:5)
  3 electric eels (D:10)
  A gnoll bouda (D:7)
  6 jellies
  5 hounds
  17 orc priests
  2 sleepcaps (D:5)
  2 iguanas
  21 orc wizards
  8 gnolls
  5 adders
  2 shadow imps (D:8)
  5 white imps
  3 worms
  5 dart slugs
  71 orcs
  5 endoplasms
  2 giant cockroaches (D:4)
  9 goblins
  7 hobgoblins
  6 jackals
  6 kobolds
  3 quokkas
  8 ball pythons
  3 bats
  5 frilled lizards
  2 rats (D:3)
698 creatures vanquished.

Vanquished Creatures (others)
  A merfolk (Shoals:1)
  A snapping turtle (Shoals:3)
  2 slime creatures (D:14)
  An orc priest (Orc:2)
  An orc (Orc:2)
6 creatures vanquished.

Grand Total: 704 creatures vanquished

Notes
Turn   | Place    | Note
-------+----------+-------------------------------------------
     0 | D:1      | qw the Gargoyle Fighter began the quest for the Orb.
     0 | D:1      | Reached XP level 1. HP: 14/14 MP: 1/1
     0 | D:1      | 0 ||| qw: Version: 0.2-a-102-gdf20003
     0 | D:1      | 0 ||| qw: Game counter: 819
     0 | D:1      | 0 ||| qw: Always use a shield: true
     0 | D:1      | 0 ||| qw: God list: Okawaru
     0 | D:1      | 0 ||| qw: Allow faded altars: false
     0 | D:1      | 0 ||| qw: Do Orc after D:15 true
     0 | D:1      | 0 ||| qw: Do second Lair branch before Depths: true
     0 | D:1      | 0 ||| qw: Lair rune preference: random
     0 | D:1      | 0 ||| qw: Plans: Normal, Zot:1-4, Slime:5, God:TSO, Crypt,
                  | Tomb, Pan, Hells, Abyss, Win
     0 | D:1      | 0 ||| PLANNING D:1-11
    82 | D:1      | 82 ||| Stepping ~*~*~tactically~*~*~ (hiding).
    93 | D:1      | Reached skill level 2 in Axes
   114 | D:1      | Reached XP level 2. HP: 15/19 MP: 2/2
   114 | D:1      | 114 ||| FLEEEEING.
   116 | D:1      | 116 ||| FLEEEEING.
   117 | D:1      | 117 ||| FLEEEEING.
   118 | D:1      | 118 ||| FLEEEEING.
   119 | D:1      | 119 ||| FLEEEEING.
   120 | D:1      | 120 ||| FLEEEEING.
   121 | D:1      | 121 ||| FLEEEEING.
   122 | D:1      | 122 ||| FLEEEEING.
   123 | D:1      | 123 ||| FLEEEEING.
   240 | D:1      | 240 ||| DROPPING +0 club.
   584 | D:1      | Reached skill level 3 in Axes
   652 | D:1      | Reached XP level 3. HP: 23/23 MP: 3/3
   865 | D:1      | 865 ||| READING scroll labelled SECSET NEEGI.
   866 | D:1      | 866 ||| READING scroll labelled LIFUXZ WEDGHOCU.
   867 | D:1      | 867 ||| READING 3 scrolls labelled FEFEMO VEGAO.
   870 | D:1      | 870 ||| READING scroll labelled VIDWIPU NUBESK.
   871 | D:1      | 871 ||| READING 2 scrolls labelled RELIUN HI YJAO.
   885 | D:1      | 885 ||| DROPPING scroll of torment.
   968 | D:2      | 968 ||| Stepping ~*~*~tactically~*~*~ (hiding).
   970 | D:2      | 970 ||| Stepping ~*~*~tactically~*~*~ (hiding).
  1381 | D:2      | 1381 ||| Stepping ~*~*~tactically~*~*~ (hiding).
  1491 | D:2      | Reached XP level 4. HP: 28/28 MP: 4/4
  1502 | D:2      | Reached skill level 4 in Axes
  1566 | D:2      | HP: 6/28 [gnoll/+0 flail (4)]
  1567 | D:2      | 1567 ||| READING 2 scrolls of teleportation.
  2245 | D:3      | 2245 ||| Stepping ~*~*~tactically~*~*~ (stealth).
  2246 | D:3      | 2246 ||| Stepping ~*~*~tactically~*~*~ (stealth).
  2247 | D:3      | 2247 ||| Stepping ~*~*~tactically~*~*~ (stealth).
  2387 | D:3      | Found Kulu's Vocational Training.
  2582 | D:3      | Reached XP level 5. HP: 32/32 MP: 5/5
  2665 | D:3      | 2665 ||| Stepping ~*~*~tactically~*~*~ (stealth).
  2666 | D:3      | 2666 ||| Stepping ~*~*~tactically~*~*~ (stealth).
  2886 | D:3      | 2886 ||| UPGRADING to +0 plate armour.
  2896 | D:3      | 2896 ||| DROPPING +0 scale mail.
  2897 | D:3      | 2897 ||| UPGRADING to +0 cloak.
  2902 | D:3      | 2902 ||| UPGRADING to ring of protection from cold.
  2903 | D:3      | 2903 ||| READING scroll labelled IDAUFU BASULUM.
  2904 | D:3      | 2904 ||| DRINKING 2 lumpy red potions.
  2905 | D:3      | 2905 ||| DRINKING 3 bubbling grey potions.
  2906 | D:3      | 2906 ||| DRINKING 3 bubbling orange potions.
  2906 | D:3      | Gained mutation: You are vulnerable to heat. (rF-) [potion
                  | of mutation]
  2906 | D:3      | Gained mutation: Your body sometimes deteriorates upon
                  | taking damage. [potion of mutation]
  2907 | D:3      | 2907 ||| DRINKING 2 potions of mutation.
  2907 | D:3      | Lost mutation: You are vulnerable to heat. (rF-) [potion of
                  | mutation]
  2907 | D:3      | Lost mutation: Your body sometimes deteriorates upon taking
                  | damage. [potion of mutation]
  2907 | D:3      | Gained mutation: You occasionally shout uncontrollably at
                  | your foes. [potion of mutation]
  2907 | D:3      | Gained mutation: You have a pair of small antennae on your
                  | head. [potion of mutation]
  2937 | D:4      | Found an opulent altar of Gozag.
  2937 | D:4      | Found a shadowy altar of Dithmenos.
  2937 | D:4      | Found a stormy altar of Qazlal.
  2998 | D:4      | HP: 6/32 [acid (7)]
  2999 | D:4      | 2999 ||| READING scroll of teleportation.
  3000 | D:4      | 3000 ||| DRINKING 2 potions of heal wounds.
  3003 | D:4      | Reached skill level 5 in Axes
  3075 | D:4      | 3075 ||| Stepping ~*~*~tactically~*~*~ (stealth).
  3076 | D:4      | 3076 ||| SWAPPING to +0 broad axe.
  3077 | D:4      | 3077 ||| DROPPING +0 war axe.
  3579 | D:4      | 3579 ||| DROPPING ring of wizardry.
  3580 | D:4      | 3580 ||| UPGRADING to ring of positive energy.
  3581 | D:4      | 3581 ||| UPGRADING to +4 ring of protection.
  3583 | D:4      | 3583 ||| UPGRADING to ring of protection from cold.
  3585 | D:4      | 3585 ||| READING scroll labelled SACRAT PAFRU.
  3586 | D:4      | 3586 ||| READING scroll labelled CINNAS FARITS.
  3602 | D:5      | Entered Level 5 of the Dungeon
  3634 | D:5      | 3634 ||| Stepping ~*~*~tactically~*~*~ (hiding).
  3635 | D:5      | 3635 ||| Stepping ~*~*~tactically~*~*~ (hiding).
  3666 | D:5      | Reached XP level 6. HP: 25/38 MP: 6/6
  3833 | D:5      | Noticed Edmund
  3849 | D:5      | Killed Edmund
  3850 | D:5      | Reached skill level 6 in Axes
  3875 | D:5      | Noticed Sigmund
  3882 | D:5      | Killed Sigmund
  3883 | D:5      | Reached XP level 7. HP: 43/43 MP: 7/7
  3953 | D:5      | 3953 ||| Stepping ~*~*~tactically~*~*~ (hiding).
  3957 | D:5      | 3957 ||| Stepping ~*~*~tactically~*~*~ (hiding).
  4103 | D:5      | 4103 ||| Stepping ~*~*~tactically~*~*~ (stealth).
  4104 | D:5      | 4104 ||| Stepping ~*~*~tactically~*~*~ (stealth).
  4113 | D:5      | 4113 ||| Stepping ~*~*~tactically~*~*~ (stealth).
  4142 | D:5      | Reached skill level 7 in Axes
  4467 | D:5      | Reached XP level 8. HP: 46/48 MP: 8/8
  4482 | D:5      | Found an ornate altar of the Wu Jian Council.
  4545 | D:5      | 4545 ||| READING scroll of enchant armour.
  4545 | D:5      | 4545 ||| ENCHANTING +0 cloak.
  4629 | D:5      | 4629 ||| UPGRADING to +0 kite shield.
  4639 | D:5      | 4639 ||| DROPPING +0 buckler.
  4640 | D:5      | 4640 ||| UPGRADING to amulet of guardian spirit.
  4645 | D:5      | 4645 ||| READING 3 scrolls labelled SUOPPIEZIR.
  4646 | D:5      | 4646 ||| READING scroll labelled UWKINL HYDWA.
  4647 | D:5      | 4647 ||| DRINKING 2 ruby potions.
  4648 | D:5      | 4648 ||| DROPPING 2 scrolls of fear.
  4649 | D:5      | 4649 ||| DROPPING potion of magic.
  4740 | D:6      | 4740 ||| Stepping ~*~*~tactically~*~*~ (hiding).
  4812 | D:6      | 4812 ||| READING scroll of enchant weapon.
  4812 | D:6      | 4812 ||| ENCHANTING +1 broad axe.
  4953 | D:6      | Found a radiant altar of Vehumet.
  5020 | D:6      | Reached skill level 6 in Shields
  5232 | D:6      | Found an ancient bone altar of Kikubaaqudgha.
  5255 | D:6      | 5255 ||| READING scroll of enchant armour.
  5255 | D:6      | 5255 ||| ENCHANTING +1 cloak.
  5652 | D:6      | 5652 ||| DRINKING 2 silvery potions.
  5653 | D:6      | 5653 ||| DRINKING 2 black potions.
  5669 | D:6      | 5669 ||| READING 4 scrolls of identify.
  5669 | D:6      | 5669 ||| IDENTIFYING fuming cyan potion
  5670 | D:6      | 5670 ||| READING 3 scrolls of identify.
  5670 | D:6      | 5670 ||| IDENTIFYING sedimented dark potion
  5671 | D:6      | 5671 ||| DROPPING potion of ambrosia.
  5724 | D:7      | Reached skill level 1 in Dodging
  5865 | D:7      | 5865 ||| DROPPING +0 whip.
  5874 | D:7      | 5874 ||| READING scroll of enchant armour.
  5874 | D:7      | 5874 ||| ENCHANTING +0 plate armour.
  5933 | D:7      | 5933 ||| Stepping ~*~*~tactically~*~*~ (hiding).
  5934 | D:7      | 5934 ||| Stepping ~*~*~tactically~*~*~ (hiding).
  5935 | D:7      | 5935 ||| Stepping ~*~*~tactically~*~*~ (hiding).
  5940 | D:7      | Reached XP level 9. HP: 54/54 MP: 9/9
  6191 | D:7      | Found a staircase to the Ecumenical Temple.
  6192 | D:7      | 6192 ||| PLANNING TEMPLE
  6192 | D:7      | 6192 ||| UPGRADING to +0 pair of gloves.
  6197 | D:7      | 6197 ||| READING scroll labelled IXUHUCHO HIWK.
  6206 | Temple   | Entered the Ecumenical Temple
  6213 | Temple   | 6213 ||| PLANNING OKAWARU WORSHIP
  6239 | Temple   | Became a worshipper of Warmaster Okawaru
  6239 | Temple   | 6239 ||| PLANNING D:1-11
  6240 | Temple   | 6240 ||| REMOVING amulet of guardian spirit.
  6245 | Temple   | 6245 ||| DROPPING amulet of guardian spirit.
  6346 | D:7      | Reached skill level 8 in Axes
  6501 | D:7      | 6501 ||| Stepping ~*~*~tactically~*~*~ (hiding).
  6537 | D:7      | 6537 ||| READING 3 scrolls of identify.
  6537 | D:7      | 6537 ||| IDENTIFYING orange potion
  6538 | D:7      | 6538 ||| DROPPING potion of degeneration.
  6560 | D:8      | 6560 ||| Stepping ~*~*~tactically~*~*~ (stealth).
  6563 | D:8      | 6563 ||| Stepping ~*~*~tactically~*~*~ (stealth).
  6565 | D:8      | 6565 ||| Stepping ~*~*~tactically~*~*~ (stealth).
  6576 | D:8      | Reached skill level 6 in Fighting
  6578 | D:8      | Reached * piety under Okawaru
  6588 | D:8      | 6588 ||| INVOKING Heroism.
  6596 | D:8      | Reached skill level 1 in Invocations
  6610 | D:8      | 6610 ||| INVOKING Heroism.
  6615 | D:8      | Reached skill level 3 in Invocations
  6681 | D:8      | Found Dyamm's Book Shop.
  6718 | D:8      | 6718 ||| INVOKING Heroism.
  6725 | D:8      | Noticed Grum
  6726 | D:8      | 6726 ||| Stepping ~*~*~tactically~*~*~ (stealth).
  6729 | D:8      | 6729 ||| Stepping ~*~*~tactically~*~*~ (stealth).
  6732 | D:8      | 6732 ||| Stepping ~*~*~tactically~*~*~ (stealth).
  6737 | D:8      | 6737 ||| INVOKING Heroism.
  6748 | D:8      | Killed Grum
  6749 | D:8      | Reached XP level 10. HP: 38/60 MP: 10/13
  6828 | D:8      | Identified the +1 pair of boots of the Ant {Str+2 Dex+3
                  | Slay+2}
  6844 | D:8      | Found Hiplo's Antique Weapon Emporium.
  6853 | D:8      | Found Wofywk's Assorted Antiques.
  6862 | D:8      | 6862 ||| BUYING bone wand (124 gold).
  6862 | D:8      | Bought a bone wand for 124 gold pieces
  6862 | D:8      | 6862 ||| BUYING scroll labelled FIYNUE OBLEYSI (31 gold).
  6862 | D:8      | Bought a scroll labelled FIYNUE OBLEYSI for 31 gold pieces
  6862 | D:8      | 6862 ||| SHOPLISTING scroll of enchant weapon (232 gold,
                  | have 203).
  6862 | D:8      | 6862 ||| BUYING scroll of identify (62 gold).
  6862 | D:8      | Bought a scroll of identify for 62 gold pieces
  7045 | D:8      | Reached skill level 9 in Axes
  7103 | D:8      | Found a transporter.
  7107 | D:8      | Found a staircase to the Lair.
  7124 | D:8      | 7124 ||| INVOKING Heroism.
  7138 | D:8      | 7138 ||| INVOKING Heroism.
  7247 | D:8      | Found Xugyge's Magic Scroll Boutique.
  7262 | D:8      | Identified the +0 helmet of Umupsit {Str+5 Stlth+}
  7379 | D:8      | 7379 ||| Stepping ~*~*~tactically~*~*~ (hiding).
  7380 | D:8      | 7380 ||| Stepping ~*~*~tactically~*~*~ (hiding).
  7491 | D:8      | Found a transporter.
  7563 | D:8      | Found Jezulik's Jewellery Boutique.
  7573 | D:8      | 7573 ||| SHOPLISTING +4 ring of protection (432 gold, have
                  | 176).
  7573 | D:8      | 7573 ||| SHOPLISTING amulet of regeneration (360 gold, have
                  | 176).
  7573 | D:8      | 7573 ||| SHOPLISTING amulet of the acrobat (360 gold, have
                  | 176).
  7573 | D:8      | 7573 ||| SHOPLISTING ring "Jaehireh" {rF+ rC++ Str+3 Dex-5}
                  | (543 gold, have 176).
  7573 | D:8      | 7573 ||| SHOPLISTING ring of ice (300 gold, have 176).
  7573 | D:8      | 7573 ||| SHOPLISTING ring of protection from cold (300
                  | gold, have 176).
  7573 | D:8      | 7573 ||| SHOPLISTING ring of resist corrosion (240 gold,
                  | have 176).
  7738 | D:8      | 7738 ||| PLANNING LAIR
  7738 | D:8      | 7738 ||| UPGRADING to +1 pair of boots of the Ant {Str+2
                  | Dex+3 Slay+2}.
  7743 | D:8      | 7743 ||| DROPPING amulet of magic regeneration.
  7744 | D:8      | 7744 ||| DROPPING ring of positive energy.
  7745 | D:8      | 7745 ||| READING 2 scrolls labelled YNABROOCOI.
  7746 | D:8      | 7746 ||| READING 2 scrolls labelled FIYNUE OBLEYSI.
  7847 | D:8      | 7847 ||| READING 6 scrolls of identify.
  7847 | D:8      | 7847 ||| IDENTIFYING fizzy cyan potion
  7848 | D:8      | 7848 ||| DROPPING scroll of poison.
  7849 | D:8      | 7849 ||| DROPPING potion of invisibility.
  7850 | D:8      | 7850 ||| DROPPING wand of acid (2).
  7851 | D:8      | 7851 ||| DROPPING scroll of silence.
  7921 | Lair:1   | Entered Level 1 of the Lair of Beasts
  7927 | Lair:1   | 7927 ||| STAIRDANCE
  7934 | D:8      | Reached skill level 1 in Throwing
  7937 | D:8      | Reached skill level 6 in Armour
  7992 | Lair:1   | Found a sparkling altar of Nemelex Xobeh.
  8014 | Lair:1   | 8014 ||| INVOKING Heroism.
  8102 | Lair:1   | Identified the +3 leather armour "Sucvuschaudo" {Str-3
                  | Int+5}
  8164 | Lair:1   | Noticed Gastronok
  8165 | Lair:1   | 8165 ||| INVOKING Heroism.
  8178 | Lair:1   | Killed Gastronok
  8178 | Lair:1   | Reached ** piety under Okawaru
  8179 | Lair:1   | Reached skill level 9 in Shields
  8269 | Lair:1   | Reached *** piety under Okawaru
  8524 | Lair:1   | Noticed Harold
  8525 | Lair:1   | 8525 ||| INVOKING Heroism.
  8538 | Lair:1   | Killed Harold
  8539 | Lair:1   | Reached skill level 10 in Axes
  8539 | Lair:1   | Reached XP level 11. HP: 60/67 MP: 12/14
  8822 | Lair:1   | 8822 ||| DROPPING scarf of repulsion.
  8823 | Lair:1   | 8823 ||| UPGRADING to +1 hat of see invisible.
  8951 | Lair:2   | Noticed a six-headed hydra
  8952 | Lair:2   | 8952 ||| INVOKING Heroism.
  8953 | Lair:2   | 8953 ||| SWAPPING to +0 flail.
  8963 | Lair:2   | Killed a six-headed hydra
  8963 | Lair:2   | Reached **** piety under Okawaru
  8964 | Lair:2   | 8964 ||| SWAPPING to +2 broad axe.
  9066 | Lair:2   | Found a dark tunnel.
  9066 | Lair:2   | Noticed a lindwurm
  9067 | Lair:2   | 9067 ||| INVOKING Heroism.
  9074 | Lair:2   | Killed a lindwurm
  9119 | Lair:2   | 9119 ||| INVOKING Heroism.
  9180 | Lair:2   | 9180 ||| INVOKING Heroism.
  9314 | Lair:2   | Noticed a four-headed hydra
  9315 | Lair:2   | 9315 ||| Stepping ~*~*~tactically~*~*~ (stealth).
  9321 | Lair:2   | 9321 ||| INVOKING Heroism.
  9325 | Lair:2   | 9325 ||| SWAPPING to +0 flail.
  9329 | Lair:2   | Killed a four-headed hydra
  9330 | Lair:2   | 9330 ||| SWAPPING to +2 broad axe.
  9575 | Lair:2   | Noticed Erica
  9576 | Lair:2   | 9576 ||| INVOKING Heroism.
  9587 | Lair:2   | 9587 ||| INVOKING Heroism.
  9593 | Lair:2   | 9593 ||| DRINKING 6 potions of curing.
  9593 | Lair:2   | 9593 ||| (to cure confusion)
  9597 | Lair:2   | 9597 ||| DRINKING 5 potions of curing.
  9597 | Lair:2   | 9597 ||| (to cure confusion)
  9601 | Lair:2   | Killed Erica
  9602 | Lair:2   | Reached skill level 11 in Axes
  9602 | Lair:2   | Reached skill level 6 in Invocations
  9679 | Lair:2   | Found a staircase to the Shoals.
  9680 | Lair:2   | 9680 ||| INVOKING Heroism.
  9755 | Lair:2   | 9755 ||| INVOKING Heroism.
  9767 | Lair:2   | Reached XP level 12. HP: 73/73 MP: 15/17
  9767 | Lair:2   | Reached ***** piety under Okawaru
  9773 | Lair:2   | Received a gift from Okawaru
  9946 | Lair:2   | 9946 ||| Stepping ~*~*~tactically~*~*~ (stealth).
  9963 | Lair:2   | 9963 ||| INVOKING Heroism.
  9965 | Lair:2   | Reached skill level 9 in Fighting
  9972 | Lair:2   | Reached skill level 9 in Invocations
 10113 | Lair:2   | Noticed Maggie
 10123 | Lair:2   | Killed Maggie
 10146 | Lair:2   | 10146 ||| INVOKING Heroism.
 10443 | Lair:3   | Noticed Josephine
 10450 | Lair:3   | Killed Josephine
 10452 | Lair:3   | 10452 ||| INVOKING Heroism.
 10524 | Lair:3   | Noticed a six-headed hydra
 10525 | Lair:3   | 10525 ||| INVOKING Heroism.
 10533 | Lair:3   | 10533 ||| SWAPPING to +0 flail.
 10541 | Lair:3   | Killed a six-headed hydra
 10542 | Lair:3   | 10542 ||| SWAPPING to +2 broad axe.
 10592 | Lair:3   | Found a hole to the Spider Nest.
 10614 | Lair:3   | 10614 ||| READING scroll of enchant weapon.
 10614 | Lair:3   | 10614 ||| ENCHANTING +2 broad axe.
 10639 | Lair:3   | Noticed a death yak
 10640 | Lair:3   | 10640 ||| INVOKING Heroism.
 10645 | Lair:3   | Noticed a death yak
 10645 | Lair:3   | Noticed a death yak
 10646 | Lair:3   | Noticed a death yak
 10648 | Lair:3   | Noticed a death yak
 10655 | Lair:3   | Killed a death yak
 10656 | Lair:3   | Reached skill level 12 in Axes
 10662 | Lair:3   | Killed a death yak
 10663 | Lair:3   | Killed a death yak
 10664 | Lair:3   | Reached skill level 9 in Armour
 10664 | Lair:3   | HP: 15/76 [death yak (19)]
 10665 | Lair:3   | 10665 ||| READING 2 scrolls of teleportation.
 10666 | Lair:3   | 10666 ||| DRINKING 2 potions of heal wounds.
 10682 | Lair:3   | Reached XP level 13. HP: 29/80 MP: 20/20
 10683 | Lair:3   | 10683 ||| INVOKING Heroism.
 10883 | Lair:3   | 10883 ||| INVOKING Heroism.
 10888 | Lair:3   | 10888 ||| INVOKING Finesse.
 10971 | Lair:3   | Found an ornate altar of the Wu Jian Council.
 11037 | Lair:3   | 11037 ||| INVOKING Heroism.
 11049 | Lair:3   | 11049 ||| INVOKING Heroism.
 11285 | Lair:3   | 11285 ||| READING scroll labelled LUNITA TYASO.
 11338 | Lair:4   | Found a staircase to the Slime Pits.
 11349 | Lair:4   | Found a viscous altar of Jiyva.
 11358 | Lair:4   | 11358 ||| INVOKING Heroism.
 11544 | Lair:4   | 11544 ||| INVOKING Heroism.
 11705 | Lair:4   | 11705 ||| INVOKING Heroism.
 11748 | Lair:4   | 11748 ||| INVOKING Heroism.
 11824 | Lair:4   | Reached skill level 13 in Axes
 11836 | Lair:4   | Found a runed translucent gate.
 11837 | Lair:4   | Found a runed translucent gate.
 11837 | Lair:4   | Found a runed translucent gate.
 12095 | Lair:4   | 12095 ||| FLEEEEING.
 12096 | Lair:4   | 12096 ||| FLEEEEING.
 12097 | Lair:4   | 12097 ||| FLEEEEING.
 12142 | Lair:4   | 12142 ||| Stepping ~*~*~tactically~*~*~ (stealth).
 12143 | Lair:4   | 12143 ||| Stepping ~*~*~tactically~*~*~ (stealth).
 12376 | Lair:4   | Noticed qw's ghost (journeyman GrFi)
 12654 | Lair:5   | Entered Level 5 of the Lair of Beasts
 12655 | Lair:5   | 12655 ||| PLANNING GAUNTLET
 12677 | Lair:5   | 12677 ||| Stepping ~*~*~tactically~*~*~ (stealth).
 12678 | Lair:5   | 12678 ||| Stepping ~*~*~tactically~*~*~ (stealth).
 12680 | Lair:5   | 12680 ||| Stepping ~*~*~tactically~*~*~ (stealth).
 12787 | Lair:5   | 12787 ||| INVOKING Heroism.
 12791 | Lair:5   | 12791 ||| INVOKING Finesse.
 12861 | Lair:5   | 12861 ||| INVOKING Heroism.
 12866 | Lair:5   | 12866 ||| SWAPPING to +0 flail.
 12870 | Lair:5   | Reached skill level 3 in Dodging
 12870 | Lair:5   | 12870 ||| SWAPPING to +3 broad axe.
 12994 | Lair:5   | 12994 ||| Stepping ~*~*~tactically~*~*~ (hiding).
 12995 | Lair:5   | 12995 ||| Stepping ~*~*~tactically~*~*~ (hiding).
 13003 | Lair:5   | Received a gift from Okawaru
 13118 | Lair:5   | 13118 ||| INVOKING Heroism.
 13126 | Lair:5   | 13126 ||| RIP GAUNTLET
 13127 | Lair:5   | 13127 ||| PLANNING LAIR
 13188 | Lair:5   | Noticed Sonja
 13191 | Lair:5   | 13191 ||| INVOKING Finesse.
 13195 | Lair:5   | 13195 ||| INVOKING Heroism.
 13203 | Lair:5   | 13203 ||| Stepping ~*~*~tactically~*~*~ (hiding).
 13209 | Lair:5   | Killed Sonja
 13322 | Lair:5   | 13322 ||| INVOKING Heroism.
 13406 | Lair:5   | 13406 ||| Stepping ~*~*~tactically~*~*~ (hiding).
 13465 | Lair:5   | 13465 ||| INVOKING Heroism.
 13516 | Lair:5   | Identified the +1 leather armour of Juwuq {rC+}
 13527 | Lair:5   | 13527 ||| INVOKING Heroism.
 13532 | Lair:5   | Reached skill level 14 in Axes
 13536 | Lair:5   | Gained mutation: Your large and strong wings let you fly.
                  | [Gargoyle growth]
 13536 | Lair:5   | Reached XP level 14. HP: 66/88 MP: 19/21
 13536 | Lair:5   | 13536 ||| INVOKING Finesse.
 13611 | Lair:5   | 13611 ||| Stepping ~*~*~tactically~*~*~ (stealth).
 13613 | Lair:5   | 13613 ||| INVOKING Heroism.
 13621 | Lair:5   | 13621 ||| SWAPPING to +0 flail.
 13641 | Lair:5   | 13641 ||| SWAPPING to +3 broad axe.
 13968 | Lair:5   | 13968 ||| INVOKING Heroism.
 13972 | Lair:5   | 13972 ||| SWAPPING to +0 flail.
 13989 | Lair:5   | 13989 ||| Stepping ~*~*~tactically~*~*~ (outnumbered).
 13990 | Lair:5   | 13990 ||| SWAPPING to +3 broad axe.
 13992 | Lair:5   | HP: 18/90 [meliai/divine providence (12)]
 13993 | Lair:5   | 13993 ||| READING 3 scrolls of teleportation.
 13993 | Lair:5   | HP: 6/90 [meliai/divine providence (12)]
 13994 | Lair:5   | 13994 ||| DRINKING 3 potions of heal wounds.
 13995 | Lair:5   | 13995 ||| SWAPPING to +0 flail.
 13997 | Lair:5   | 13997 ||| SWAPPING to +3 broad axe.
 14034 | Lair:5   | 14034 ||| INVOKING Heroism.
 14245 | Lair:5   | 14245 ||| Stepping ~*~*~tactically~*~*~ (stealth).
 14255 | Lair:5   | 14255 ||| INVOKING Heroism.
 14585 | Lair:5   | 14585 ||| PLANNING D:1-11
 14585 | Lair:5   | 14585 ||| READING 7 scrolls of identify.
 14585 | Lair:5   | 14585 ||| IDENTIFYING bubbling brown potion
 14586 | Lair:5   | 14586 ||| DROPPING potion of flight.
 14739 | D:9      | 14739 ||| Stepping ~*~*~tactically~*~*~ (hiding).
 14740 | D:9      | 14740 ||| STAIRDANCE
 14804 | D:9      | Reached skill level 12 in Shields
 14861 | D:9      | Found a staircase to the Orcish Mines.
 14870 | D:9      | 14870 ||| READING scroll of enchant armour.
 14870 | D:9      | 14870 ||| ENCHANTING +0 pair of gloves.
 14952 | D:9      | Found a burning altar of Makhleb.
 15123 | D:9      | 15123 ||| READING 6 scrolls of identify.
 15123 | D:9      | 15123 ||| IDENTIFYING amethyst potion
 15124 | D:9      | 15124 ||| DROPPING potion of brilliance.
 15131 | D:10     | Entered Level 10 of the Dungeon
 15248 | D:10     | 15248 ||| Stepping ~*~*~tactically~*~*~ (hiding).
 15308 | D:10     | 15308 ||| DROPPING +0 flail.
 15376 | D:10     | Reached skill level 3 in Throwing
 15663 | D:10     | 15663 ||| READING scroll of enchant armour.
 15663 | D:10     | 15663 ||| ENCHANTING +1 pair of gloves.
 15670 | D:10     | 15670 ||| Stepping ~*~*~tactically~*~*~ (hiding).
 15926 | D:10     | Found a shimmering altar of Xom.
 16048 | D:10     | 16048 ||| DROPPING +6 ring of intelligence.
 16049 | D:10     | 16049 ||| READING scroll labelled HEOLUR VECUBBU.
 16049 | D:10     | Identified a scroll of acquirement
 16049 | D:10     | 16049 ||| ACQUIRING +0 hat "Mifoc" {rF+ Stlth+}
 16049 | D:10     | Acquired the +0 hat "Mifoc" {rF+ Stlth+}
 16112 | D:11     | 16112 ||| STAIRDANCE
 16115 | D:10     | 16115 ||| INVOKING Heroism.
 16291 | D:11     | You are sucked into a shaft and drop 3 floors!
 16370 | D:14     | 16370 ||| INVOKING Heroism.
 16547 | D:14     | Noticed Rupert
 16548 | D:14     | 16548 ||| INVOKING Heroism.
 16549 | D:14     | 16549 ||| INVOKING Finesse.
 16572 | D:14     | Killed Rupert
 16573 | D:14     | Reached skill level 15 in Axes
 16749 | D:14     | 16749 ||| INVOKING Heroism.
 16921 | D:13     | 16921 ||| INVOKING Heroism.
 17011 | D:13     | Found a shimmering altar of Xom.
 17012 | D:13     | Found a shimmering altar of Xom.
 17012 | D:13     | Found a shimmering altar of Xom.
 17014 | D:13     | Found a shimmering altar of Xom.
 17014 | D:13     | Found a shimmering altar of Xom.
 17101 | D:13     | Identified the +1 hat of Xeotzam {rElec rC+} (Okawaru
                  | gifted it to you on level 13 of the Dungeon)
 17101 | D:13     | Received a gift from Okawaru
 17150 | D:13     | 17150 ||| READING 7 scrolls of identify.
 17150 | D:13     | 17150 ||| IDENTIFYING grey potion
 17160 | D:12     | Noticed Azrael
 17161 | D:12     | 17161 ||| Stepping ~*~*~tactically~*~*~ (hiding).
 17164 | D:12     | 17164 ||| Stepping ~*~*~tactically~*~*~ (hiding).
 17166 | D:12     | 17166 ||| INVOKING Heroism.
 17167 | D:12     | 17167 ||| INVOKING Finesse.
 17191 | D:12     | Killed Azrael
 17353 | D:12     | 17353 ||| DROPPING +2 heavy flail.
 17393 | D:12     | 17393 ||| READING scroll labelled RADWABRIYN.
 17533 | D:11     | Reached skill level 12 in Fighting
 17613 | D:11     | Found a burning altar of Makhleb.
 17845 | D:11     | 17845 ||| Stepping ~*~*~tactically~*~*~ (stealth).
 17847 | D:11     | 17847 ||| Stepping ~*~*~tactically~*~*~ (stealth).
 17938 | D:11     | Reached XP level 15. HP: 96/96 MP: 22/22
 18041 | D:11     | 18041 ||| PLANNING D
 18288 | D:12     | Noticed Fannar
 18289 | D:12     | 18289 ||| Stepping ~*~*~tactically~*~*~ (hiding).
 18292 | D:12     | 18292 ||| Stepping ~*~*~tactically~*~*~ (hiding).
 18317 | D:12     | Killed Fannar
 18555 | D:12     | 18555 ||| INVOKING Heroism.
 18581 | D:12     | 18581 ||| INVOKING Heroism.
 18865 | D:12     | 18865 ||| DROPPING ring of magical power.
 18947 | D:13     | Reached skill level 16 in Axes
 18961 | D:13     | Found a gate to the Vaults.
 19020 | D:13     | Received a gift from Okawaru
 19514 | D:14     | 19514 ||| STAIRDANCE
 19731 | D:14     | Received a gift from Okawaru
 19751 | D:14     | 19751 ||| Stepping ~*~*~tactically~*~*~ (hiding).
 19762 | D:14     | 19762 ||| INVOKING Heroism.
 19764 | D:14     | 19764 ||| READING 2 scrolls of teleportation.
 19816 | D:14     | 19816 ||| Stepping ~*~*~tactically~*~*~ (hiding).
 19826 | D:14     | 19826 ||| INVOKING Heroism.
 19972 | D:14     | 19972 ||| READING scroll of enchant weapon.
 19972 | D:14     | 19972 ||| ENCHANTING +3 broad axe.
 19996 | D:14     | 19996 ||| READING scroll of enchant weapon.
 19996 | D:14     | 19996 ||| ENCHANTING +4 broad axe.
 20052 | D:14     | 20052 ||| Stepping ~*~*~tactically~*~*~ (stealth).
 20180 | D:14     | 20180 ||| Stepping ~*~*~tactically~*~*~ (hiding).
 20181 | D:14     | 20181 ||| Stepping ~*~*~tactically~*~*~ (hiding).
 20184 | D:14     | 20184 ||| Stepping ~*~*~tactically~*~*~ (hiding).
 20185 | D:14     | 20185 ||| INVOKING Heroism.
 20202 | D:14     | Received a gift from Okawaru
 20508 | D:14     | 20508 ||| Stepping ~*~*~tactically~*~*~ (stealth).
 20511 | D:14     | 20511 ||| Stepping ~*~*~tactically~*~*~ (stealth).
 20537 | D:14     | 20537 ||| INVOKING Heroism.
 20617 | D:15     | Entered Level 15 of the Dungeon
 20621 | D:15     | 20621 ||| Stepping ~*~*~tactically~*~*~ (stealth).
 20623 | D:15     | 20623 ||| Stepping ~*~*~tactically~*~*~ (stealth).
 20625 | D:15     | 20625 ||| Stepping ~*~*~tactically~*~*~ (stealth).
 20627 | D:15     | 20627 ||| Stepping ~*~*~tactically~*~*~ (stealth).
 20646 | D:15     | Reached skill level 12 in Armour
 20654 | D:15     | 20654 ||| INVOKING Heroism.
 21125 | D:15     | 21125 ||| Stepping ~*~*~tactically~*~*~ (hiding).
 21126 | D:15     | 21126 ||| Stepping ~*~*~tactically~*~*~ (hiding).
 21305 | D:15     | 21305 ||| INVOKING Heroism.
 21306 | D:15     | 21306 ||| INVOKING Finesse.
 21307 | D:15     | 21307 ||| READING scroll of teleportation.
 21357 | D:15     | 21357 ||| Stepping ~*~*~tactically~*~*~ (hiding).
 21361 | D:15     | 21361 ||| INVOKING Heroism.
 21374 | D:15     | 21374 ||| INVOKING Finesse.
 21558 | D:15     | Found a staircase to the Depths.
 21687 | D:15     | 21687 ||| PLANNING ORC
 21687 | D:15     | 21687 ||| READING scroll labelled PANYLLADGHE.
 21817 | Orc:1    | Entered Level 1 of the Orcish Mines
 21817 | Orc:1    | Noticed Nergalle
 21820 | Orc:1    | Noticed Erolcha
 21822 | Orc:1    | Killed Nergalle
 21837 | Orc:1    | Killed Erolcha
 21838 | Orc:1    | 21838 ||| INVOKING Heroism.
 21839 | Orc:1    | 21839 ||| INVOKING Finesse.
 21985 | Orc:1    | 21985 ||| Stepping ~*~*~tactically~*~*~ (hiding).
 22002 | Orc:1    | 22002 ||| Stepping ~*~*~tactically~*~*~ (hiding).
 22003 | Orc:1    | 22003 ||| Stepping ~*~*~tactically~*~*~ (hiding).
 22123 | Orc:1    | 22123 ||| INVOKING Heroism.
 22217 | Orc:2    | Entered Level 2 of the Orcish Mines
 22306 | Orc:1    | Noticed an orc warlord
 22307 | Orc:1    | 22307 ||| INVOKING Heroism.
 22313 | Orc:1    | Reached XP level 16. HP: 101/101 MP: 21/23
 22577 | Orc:2    | 22577 ||| Stepping ~*~*~tactically~*~*~ (stealth).
 22579 | Orc:2    | 22579 ||| Stepping ~*~*~tactically~*~*~ (hiding).
 22580 | Orc:2    | 22580 ||| Stepping ~*~*~tactically~*~*~ (hiding).
 22581 | Orc:2    | 22581 ||| Stepping ~*~*~tactically~*~*~ (hiding).
 22582 | Orc:2    | 22582 ||| Stepping ~*~*~tactically~*~*~ (hiding).
 22695 | Orc:2    | Found a staircase to the Elven Halls.
 22698 | Orc:2    | 22698 ||| INVOKING Heroism.
 22819 | Orc:2    | 22819 ||| Stepping ~*~*~tactically~*~*~ (hiding).
 22821 | Orc:2    | 22821 ||| Stepping ~*~*~tactically~*~*~ (hiding).
 22822 | Orc:2    | 22822 ||| Stepping ~*~*~tactically~*~*~ (hiding).
 22845 | Orc:2    | 22845 ||| FLEEEEING.
 22846 | Orc:2    | 22846 ||| FLEEEEING.
 22847 | Orc:2    | 22847 ||| FLEEEEING.
 22848 | Orc:2    | 22848 ||| FLEEEEING.
 22851 | Orc:2    | 22851 ||| FLEEEEING.
 22852 | Orc:2    | 22852 ||| FLEEEEING.
 22853 | Orc:2    | 22853 ||| FLEEEEING.
 22855 | Orc:2    | 22855 ||| FLEEEEING.
 22856 | Orc:2    | 22856 ||| FLEEEEING.
 22857 | Orc:2    | 22857 ||| FLEEEEING.
 22858 | Orc:2    | 22858 ||| FLEEEEING.
 22859 | Orc:2    | 22859 ||| FLEEEEING.
 22860 | Orc:2    | 22860 ||| FLEEEEING.
 22861 | Orc:2    | 22861 ||| FLEEEEING.
 22862 | Orc:2    | 22862 ||| STAIRDANCE
 22956 | Orc:2    | 22956 ||| INVOKING Heroism.
 22994 | Orc:2    | Reached skill level 17 in Axes
 22996 | Orc:2    | 22996 ||| INVOKING Heroism.
 23027 | Orc:2    | 23027 ||| Stepping ~*~*~tactically~*~*~ (stealth).
 23164 | Orc:2    | Found Oplul's Antique Weapon Shoppe.
 23220 | Orc:2    | Found Erovanud's Book Shoppe.
 23272 | Orc:2    | Found Xeivol Zoqeh's General Store.
 23278 | Orc:2    | 23278 ||| BUYING +10 whip "Hykk" {vamp, Str-3 Int+4 Dex+3
                  | SInv} (1079 gold).
 23278 | Orc:2    | Bought the +10 whip "Hykk" {vamp, Str-3 Int+4 Dex+3 SInv}
                  | for 1079 gold pieces
 23278 | Orc:2    | 23278 ||| BUYING potion of attraction (42 gold).
 23278 | Orc:2    | Bought a potion of attraction for 42 gold pieces
 23278 | Orc:2    | 23278 ||| BUYING potion of mutation (112 gold).
 23278 | Orc:2    | Bought a potion of mutation for 112 gold pieces
 23278 | Orc:2    | 23278 ||| BUYING potion of mutation (112 gold).
 23278 | Orc:2    | Bought a potion of mutation for 112 gold pieces
 23278 | Orc:2    | 23278 ||| DROPPING +0 morningstar.
 23428 | Orc:2    | Found Cocleg's Antique Armour Shoppe.
 23547 | Orc:2    | 23547 ||| PLANNING SHOALS:1-3
 23627 | Shoals:1 | Entered Level 1 of the Shoals
 23629 | Shoals:1 | 23629 ||| INVOKING Heroism.
 23641 | Shoals:1 | Reached skill level 6 in Throwing
 23724 | Shoals:1 | 23724 ||| INVOKING Heroism.
 23740 | Shoals:1 | 23740 ||| INVOKING Heroism.
 23745 | Shoals:1 | HP: 24/103 [merfolk/+0 trident[a merfolk impaler] (2)]
 23746 | Shoals:1 | 23746 ||| DRINKING 2 potions of heal wounds.
 23746 | Shoals:1 | Noticed Kirke
 23754 | Shoals:1 | 23754 ||| DRINKING 3 potions of cancellation.
 23755 | Shoals:1 | Killed Kirke
 23757 | Shoals:1 | 23757 ||| INVOKING Heroism.
 24062 | Shoals:1 | 24062 ||| Stepping ~*~*~tactically~*~*~ (stealth).
 24074 | Shoals:1 | 24074 ||| INVOKING Heroism.
 24082 | Shoals:1 | HP: 23/103 [water nymph/the raging water (5)]
 24083 | Shoals:1 | 24083 ||| READING scroll of teleportation.
 24084 | Shoals:1 | 24084 ||| DRINKING potion of heal wounds.
 24186 | Shoals:1 | 24186 ||| INVOKING Heroism.
 24684 | Shoals:1 | 24684 ||| INVOKING Heroism.
 24874 | Shoals:1 | 24874 ||| INVOKING Heroism.
 24982 | Shoals:2 | 24982 ||| INVOKING Heroism.
 25101 | Shoals:2 | Found Isij's Book Shop.
 25108 | Shoals:2 | 25108 ||| INVOKING Heroism.
 25271 | Shoals:2 | 25271 ||| INVOKING Heroism.
 25331 | Shoals:2 | Found Niezuer's Weapon Shoppe.
 25338 | Shoals:2 | 25338 ||| INVOKING Heroism.
 25352 | Shoals:2 | HP: 12/104 [merfolk javelineer/silver javelin (21)]
 25663 | Shoals:2 | 25663 ||| INVOKING Heroism.
 25715 | Shoals:2 | 25715 ||| INVOKING Heroism.
 25739 | Shoals:2 | Received a gift from Okawaru
 25746 | Shoals:2 | 25746 ||| INVOKING Heroism.
 25863 | Shoals:2 | 25863 ||| FLEEEEING.
 25870 | Shoals:2 | 25870 ||| INVOKING Heroism.
 26002 | Shoals:2 | 26002 ||| INVOKING Heroism.
 26022 | Shoals:2 | Identified the ring "Mivioce" {rElec Dex+6 Slay+3 Stlth+}
 26034 | Shoals:2 | Reached skill level 18 in Axes
 26160 | Shoals:2 | Found Koaxkatz's Antique Armour Boutique.
 26168 | Shoals:2 | Received a gift from Okawaru
 26210 | Shoals:2 | 26210 ||| BUYING glowing plate armour (884 gold).
 26210 | Shoals:2 | Bought a glowing plate armour for 884 gold pieces
 26366 | Shoals:2 | 26366 ||| Stepping ~*~*~tactically~*~*~ (hiding).
 26641 | Shoals:2 | 26641 ||| DROPPING +3 scale mail of fire resistance.
 26642 | Shoals:2 | 26642 ||| UPGRADING to +3 plate armour of poison
                  | resistance.
 26652 | Shoals:2 | 26652 ||| DROPPING +1 plate armour.
 26653 | Shoals:2 | 26653 ||| DROPPING +6 ring of dexterity.
 26654 | Shoals:2 | 26654 ||| UPGRADING to ring "Mivioce" {rElec Dex+6 Slay+3
                  | Stlth+}.
 26656 | Shoals:2 | 26656 ||| UPGRADING to +4 ring of protection.
 26690 | Shoals:3 | 26690 ||| STAIRDANCE
 26798 | Shoals:3 | 26798 ||| STAIRDANCE
 26830 | Shoals:3 | 26830 ||| STAIRDANCE
 26885 | Shoals:3 | Noticed Mlioglotl
 26886 | Shoals:3 | 26886 ||| INVOKING Heroism.
 26898 | Shoals:3 | Killed Mlioglotl
 26899 | Shoals:3 | Reached XP level 17. HP: 73/108 MP: 24/24
 26907 | Shoals:3 | HP: 15/108 [alligator snapping turtle (26)]
 26907 | Shoals:3 | HP: 2/108 [merfolk javelineer/javelin (12)]
 26908 | Shoals:3 | Hit by a silver boomerang thrown by a merfolk

Levels and vault maps discovered:
D:1:      ebering_trefoil_twist, layout_basic
D:2:      layout_basic, minmay_misc_feat_hallway, minmay_surrounded
D:3:      layout_loops_ring, nicolae_shop_vocational
D:4:      layout_loops_cross, chequers_temple_overflow_statue_of_worship
D:5:      layout_loops_ring, mainiacjoe_overflow_24_doors,
          minmay_misc_feat_columns, sigmund_edmund_badplayer, uniq_sigmund
D:6:      layout_basic, nicolae_kikubaaqudgha_miasma_corner,
          nicolae_vehumet_radiance
D:7:      layout_rooms, minmay_temple_entry_poolview, grunt_decor_cap
D:8:      layout_basic, david_lair_shrubbed, serial_shops,
          nicolae_shop_dealshenge, nicolae_shop_window_shopping, shop, shop,
          nicolae_shop_drivethru, uniq_grum
D:9:      layout_cross, mainiacjoe_overflow_six_doors_small, erik_orc_4
D:10:     layout_basic, lemuel_tele_altar
D:11:     layout_irregular_city, hex_tiny, bloody_makhleb
D:12:     layout_roguey, uniq_fannar, uniq_azrael
D:13:     layout_roguey, lightli_vaults_fourway_checkpoint, xom_redecorated
D:14:     layout_long_grid, portal_ice_cave_entry_dragon,
          hangedman_decor_cross_pass, kennysheep_small_spiral, uniq_rupert
D:15:     grunt_enter_depths_hoard, layout_loops_cross,
          hangedman_decor_opposing, nrook_loot_triangle,
          hangedman_abyss_or_decor_slice
Temple:   nicolae_temple_ecumenical_triangle
Lair:1:   layout_regular_city, basic_altar, hangedman_lair_unloving_vines,
          grunt_megastairs_3, serial_bayou_shore_b, uniq_gastronok, uniq_harold
Lair:2:   layout_layer_cave, elwin_shoals_entry_stream,
          nicolae_volcano_entry_vermiform, uniq_maggie, uniq_erica
Lair:3:   layout_misc_corridors, spider_nest_entry_webs, basic_altar,
          nicolae_quartered_pool_medium, uniq_josephine
Lair:4:   layout_cellular_growth, minmay_slime_entry_pillars,
          gammafunk_ghost_icy, chequers_serial_rivers_micro_c,
          serial_bayou_pond_d
Lair:5:   hangedman_lair_in_review, layout_cellular_growth, wormcave,
          gauntlet_entry_generic, special_room [special_room_bee], uniq_sonja
Shoals:1: layout_shoals, uniq_kirke
Shoals:2: layout_shoals, serial_shops, nicolae_shop_waterfront, shop,
          nicolae_shop_rolling_square, nicolae_shoals_hunting_party
Shoals:3: layout_shoals, uniq_mlioglotl
Orc:1:    layout_caves, uniq_nergalle, uniq_erolcha
Orc:2:    grunt_orc_cross, layout_diamond_mine

Skill      XL: |  1  2  3  4  5  6  7  8  9 10 11 12 13 14 15 16 |
---------------+-------------------------------------------------+-----
Axes           | 2 3 4 5 6 7 8 10 11 12 14 15 16 18 | 18.0
Fighting       | 4 5 6 7 8 9 10 12 13 | 13.0
Armour         | 4 5 6 8 9 10 11 12 | 12.0
Shields        | 7 8 9 10 11 12 13 | 13.2
Dodging        | 1 2 3 4 |  4.8
Invocations    | 4 7 10 | 10.0
Throwing       | 1 2 3 5 7 |  7.0

Action                     |  1- 3 |  4- 6 |  7- 9 | 10-12 | 13-15 | 16-18 || total
---------------------------+-------+-------+-------+-------+-------+-------++-------
  Melee: War axe           |    92 |   128 |       |       |       |       ||   220
         Broad axe         |       |    51 |   275 |   292 |  1085 |   351 ||  2054
         Flail             |       |       |       |    22 |    39 |       ||    61
  Throw: Boomerang         |       |       |    21 |    49 |   142 |    17 ||   229
         Javelin           |       |       |       |       |    13 |     7 ||    20
 Invoke: Heroism           |       |       |     4 |    19 |    37 |    21 ||    81
         Finesse           |       |       |       |       |     9 |       ||     9
    Use: Scroll            |     5 |     5 |    10 |     5 |    14 |     1 ||    40
         Potion            |       |     5 |     3 |     3 |     1 |     3 ||    15
   Stab: Petrified         |       |       |       |       |     6 |       ||     6
         Distracted        |       |       |       |       |       |     1 ||     1
 Armour: Scale mail        |    41 |    52 |       |       |       |       ||    93
         Plate armour      |       |    32 |   169 |   218 |   642 |   254 ||  1315
  Dodge: Dodged            |    49 |    62 |    72 |   112 |   360 |   158 ||   813
  Block: Buckler           |    14 |    30 |     9 |       |       |       ||    53
         Kite shield       |       |       |   115 |   203 |   636 |   266 ||  1220

Table legend:
 A = Non-vault XP
 B = Vault XP
 C = Vault XP percentage of total XP
 D = Non-vault monster count
 E = Vault monster count
 F = Vault count percentage of total count
                 A         B        C        D         E       F
            +---------+---------+-------+---------+---------+-------
      Total |  131037 |   51343 |  28.2 |     540 |     159 |  22.7
            +---------+---------+-------+---------+---------+-------
        D:1 |      34 |       0 |   0.0 |      19 |       0 |   0.0
        D:2 |      78 |      12 |  13.3 |      17 |       4 |  19.0
        D:3 |      75 |       0 |   0.0 |      25 |       0 |   0.0
        D:4 |      86 |       0 |   0.0 |       7 |       0 |   0.0
        D:5 |     656 |     387 |  37.1 |      22 |       2 |   8.3
        D:6 |     659 |       0 |   0.0 |      12 |       0 |   0.0
        D:7 |     909 |       0 |   0.0 |      22 |       0 |   0.0
        D:8 |    1620 |    1127 |  41.0 |      21 |       6 |  22.2
        D:9 |    2789 |     442 |  13.7 |      23 |      15 |  39.5
       D:10 |    3493 |       0 |   0.0 |      15 |       0 |   0.0
       D:11 |    4658 |       0 |   0.0 |      17 |       0 |   0.0
       D:12 |    7492 |    2521 |  25.2 |      24 |       6 |  20.0
       D:13 |    5690 |    7267 |  56.1 |      16 |      12 |  42.9
       D:14 |   15073 |    2685 |  15.1 |      30 |       2 |   6.2
       D:15 |    7358 |    1745 |  19.2 |      22 |       2 |   8.3
     Lair:1 |    1512 |    2530 |  62.6 |       7 |       3 |  30.0
     Lair:2 |   11632 |    3476 |  23.0 |      35 |       7 |  16.7
     Lair:3 |    8233 |    2284 |  21.7 |      19 |       8 |  29.6
     Lair:4 |    7668 |     376 |   4.7 |      31 |       4 |  11.4
     Lair:5 |    7694 |   10532 |  57.8 |      23 |      37 |  61.7
   Shoals:1 |   18975 |    1548 |   7.5 |      40 |       2 |   4.8
   Shoals:2 |   14594 |    3582 |  19.7 |      32 |       8 |  20.0
   Shoals:3 |    1960 |    1823 |  48.2 |       6 |       1 |  14.3
      Orc:1 |    5822 |    1624 |  21.8 |      30 |       2 |   6.2
      Orc:2 |    2277 |    7382 |  76.4 |      25 |      38 |  60.3
            +---------+---------+-------+---------+---------+-------
